 Dungeon Crawl Stone Soup version 0.29.1-1-gd02db6906a (webtiles) character file.

Game seed: 15095617070232291980

1803 karrick the Covered (level 9, 0/50 (55) HPs)
             Began as a Gargoyle Fighter on Sept 29, 2022.
             Was a Follower of Okawaru.
             Slain by an orc warrior
             ... wielding a +0 glaive
              (18 damage)
             ... in a bailey.
             The game lasted 00:17:09 (6917 turns).

karrick the Covered (Gargoyle Fighter)              Turns: 6917, Time: 00:17:10

HP:   0/50 (55)     AC: 15    Str: 21    XL:     9   Next: 9%
MP:   0/9           EV: 12    Int:  8    God:    Okawaru [*.....]
Gold: 386           SH:  7    Dex: 19    Spells: 8/8 levels left

rFire   . . .      SeeInvis .   a - +0 flail
rCold   . . .      Faith    .   c - +0 buckler
rNeg    + . .      Spirit   +   b - +0 scale mail
rPois   ∞          Reflect  .   (no helmet)
rElec   +          Harm     .   w - scarf {+Inv}
rCorr   .          Rampage  .   (no gloves)
Will    .....                   (no boots)
Stlth   ++........              o - amulet of guardian spirit
HPRegen 0.16/turn               v - +6 ring of dexterity
MPRegen 0.11/turn               l - ring of wizardry

@: heroic, drained
A: sickness immunity, AC +6, negative energy resistance 1, electricity
resistance, torment resistance 1, petrification resistance
a: Renounce Religion, Evoke Invisibility, Heroism


You were in a bailey.
You worshipped Okawaru.
Okawaru was aware of your devotion.
You visited 2 branches of the dungeon, and saw 8 of its levels.
You also visited: Bailey.

You collected 386 gold pieces.

Inventory:

Hand Weapons
 a - a +0 flail (weapon)
Missiles
 z - 6 javelins (quivered)
Armour
 b - a +0 scale mail (worn)
 c - a +0 buckler (worn)
 e - a +3 chain mail
 w - a scarf of invisibility (worn)
Jewellery
 l - a ring of wizardry (right hand)
 o - an amulet of guardian spirit (around neck)
 v - a +6 ring of dexterity (left hand)
 A - a ring of magical power
Wands
 u - a wand of polymorph (8)
Scrolls
 d - a scroll of vulnerability
 h - a scroll of teleportation
 i - a scroll of blinking
 m - 3 scrolls of poison
 p - a scroll of noise
 r - a scroll of enchant weapon
 s - a scroll of magic mapping {unknown}
 t - a scroll of brand weapon
 y - a scroll of amnesia {unknown}
Potions
 g - a potion of degeneration {unknown}
 n - a potion of attraction {unknown}
 q - a potion of heal wounds {unknown}
 x - a potion of curing


   Skills:
 + Level 5.8(10.8) Fighting
 + Level 7.1(12.1) Maces & Flails
 + Level 0.1(5.1) Throwing
 + Level 7.4(12.4) Armour
 + Level 1.2(6.2) Stealth
 + Level 5.7(10.7) Shields
 + Level 0.4 Invocations
 + Level 2.0 Evocations


You had 8 spell levels left.
You didn't know any spells.
Your spell library contained the following spells:

 Spells                   Type           Power      Damage    Failure   Level
 Ensorcelled Hibernation  Hex/Ice        0%         N/A       52%         2
 Passwall                 Tmut/Erth      0%         N/A       52%         2
 Gell's Gravitas          Tloc           0%         N/A       77%         3
 Swiftness                Air            0%         N/A       77%         3
 Teleport Other           Tloc           0%         N/A       77%         3
 Dispersal                Tloc           0%         N/A       100%        6


Dungeon Overview and Level Annotations

Branches:
Dungeon (7/15)             Temple (1/1) D:5          Bailey (1/1)

Altars:
Ashenzari
Cheibriados
Dithmenos
Elyvilon
Fedhas
Hepliaklqana
Kikubaaqudgha
Okawaru
Qazlal
Sif Muna
Trog
Vehumet
Wu Jian
Xom
Yredelemnul
Zin
The Shining One

Annotations:
D:5 2 transporters, Animoz's ghost, novice DEFE
D:6 Grinder; Pikel
Temple 4 transporters


Innate Abilities, Weirdness & Mutations

You are immune to sickness and miasma.
Your stone body is resilient. (AC +6)
You are immune to poison.
You resist negative energy. (rN+)
You are resistant to electric shocks. (rElec)
You are resistant to unholy torment.
You are immune to petrification.


Message History

Throw: 7 javelins
Press: ? - help, Q - select action, (/) - cycle Shift-Dir - straight line, f/p - orc warrior
Aim: an orc warrior, wielding a +0 glaive and wearing a +0 ring mail (62% to hit)
You throw a javelin. The javelin misses the orc warrior.
Unknown command.
The orc warrior barely misses you.
You sock the orc warrior!
The orc warrior is heavily wounded.
The orc warrior hits you with a +0 glaive!!
You hit the orc warrior but do no damage.
The orc warrior is heavily wounded.
The orc warrior hits you with a +0 glaive!
You are too injured to fight recklessly!
You miss the orc warrior.
The orc warrior is heavily wounded.
The orc warrior barely misses you.
You hit the orc warrior but do no damage.
The orc warrior is heavily wounded.
You closely miss the orc warrior.
The orc warrior is heavily wounded.
The orc warrior hits you with a +0 glaive!
You closely miss the orc warrior.
The orc warrior is heavily wounded.
You block the orc warrior's attack.
You closely miss the orc warrior.
The orc warrior is heavily wounded.
You feel like a meek peon again. The orc warrior barely misses you.
Okay, then.
You gain the combat prowess of a mighty hero.
You block the orc warrior's attack.
You hit the orc warrior.
The orc warrior is heavily wounded.
The orc warrior barely misses you.
You barely miss the orc warrior.
The orc warrior is heavily wounded.
You hit the orc warrior.
The orc warrior is severely wounded.
The orc warrior hits you with a +0 glaive!!
You die...

.##.≈.≈≈.....≈≈.≈.##..≈#
.⌠#.≈≈.≈≈≈[≈≈≈.≈≈.#⌠..≈#
..#..≈≈..≈.≈..≈≈..#...≈#
.)#.⌠.≈≈≈...≈≈≈.⌠.#...≈#
..##..).≈≈≈≈≈.)..##...≈#
...#####...[.#####....≈#
.....)⌠#######⌠.......##
.....).......))......##
#.........(....o@...##
#########'''#########
#...#≈≈≈≈≈≈≈
#...#≈≈≈≈≈≈≈
#...#.≈≈≈≈≈≈
c.≈#...#≈c.≈≈≈≈
≈..≈≈≈o....≈≈≈..≈≈
.≈≈≈.........≈≈≈.≈
.≈.....≈≈≈.....≈.≈


You could see an orc warrior.

Vanquished Creatures
  A hornet (D:5)
  A water moccasin (D:4)
  2 orc warriors (Bailey)
  An ice beast (D:6)
  A black bear (D:4)
  An ogre (D:7)
  6 centaurs
  4 scorpions (D:5)
  2 jellies
  3 iguanas
  An orc wizard (D:4)
  4 gnolls (D:5)
  2 adders
  2 white imps (D:5)
  An ufetubus (D:5)
  2 dart slugs (D:1)
  18 orcs
  8 bats
  6 endoplasms
  7 giant cockroaches
  13 goblins
  6 hobgoblins
  6 quokkas
  6 ball pythons
  2 frilled lizards
  5 kobolds
  3 rats
114 creatures vanquished.

Notes
Turn   | Place    | Note
-------+----------+-------------------------------------------
     0 | D:1      | karrick the Gargoyle Fighter began the quest for the Orb.
     0 | D:1      | Reached XP level 1. HP: 14/14 MP: 1/1
   257 | D:1      | Reached XP level 2. HP: 15/19 MP: 2/2
   658 | D:1      | You fall into a shaft and drop 1 floor!
   679 | D:2      | Reached XP level 3. HP: 23/23 MP: 3/3
  1192 | D:2      | Found a faded altar of an unknown god.
  1262 | D:2      | Found a glowing silver altar of Zin.
  1579 | D:3      | Reached XP level 4. HP: 17/29 MP: 2/4
  2185 | D:4      | Reached XP level 5. HP: 31/33 MP: 5/5
  2208 | D:4      | Noticed a water moccasin
  2234 | D:4      | Killed a water moccasin
  2235 | D:4      | Reached XP level 6. HP: 19/38 MP: 3/6
  3252 | D:4      | Noticed a black bear
  3264 | D:4      | Killed a black bear
  3265 | D:4      | Reached skill level 5 in Maces & Flails
  3265 | D:4      | Reached skill level 5 in Armour
  3265 | D:4      | Reached XP level 7. HP: 32/44 MP: 4/7
  3597 | D:5      | Entered Level 5 of the Dungeon
  3653 | D:5      | Found a staircase to the Ecumenical Temple.
  3660 | Temple   | Entered the Ecumenical Temple
  3660 | Temple   | Found a transporter.
  3660 | Temple   | Found a transporter.
  3662 | Temple   | Found a transporter.
  3662 | Temple   | Found a transporter.
  3681 | Temple   | Became a worshipper of Warmaster Okawaru
  3932 | D:5      | Found a shimmering blue altar of Sif Muna.
  3974 | D:5      | Noticed a hornet
  4004 | D:5      | Killed a hornet
  4440 | D:5      | Reached skill level 5 in Fighting
  4440 | D:5      | Reached XP level 8. HP: 26/49 MP: 4/8
  4862 | D:5      | Reached * piety under Okawaru
  4863 | D:5      | Reached skill level 5 in Shields
  5078 | D:5      | Found a transporter.
  5078 | D:5      | Found a transporter.
  5078 | D:5      | Noticed Animoz's ghost (novice DEFE)
  5215 | D:6      | Noticed Grinder
  5215 | D:6      | Noticed Pikel
  5216 | D:6      | Paralysed by Grinder for 2 turns
  5262 | D:6      | Reached skill level 1 in Stealth
  5499 | D:7      | Found a flagged portal.
  5657 | Bailey   | Entered a bailey
  5870 | Bailey   | Reached skill level 1 in Evocations
  5957 | Bailey   | HP: 2/51 [orc warrior/+0 halberd (4)]
  6305 | Bailey   | Reached ** piety under Okawaru
  6350 | Bailey   | Reached XP level 9. HP: 54/55 MP: 4/9
  6917 | Bailey   | Slain by an orc warrior

Illustrated notes

Levels and vault maps discovered:
D:1:      minmay_arrival_solitary_statue, layout_loops_ring
D:2:      layout_basic, shapermc_ecumenical_altar_venn, basic_altar
D:3:      layout_rooms, serial_glass, glass_columns_a, glass_columns_b,
          due_unseen_surprise, chequers_decorated_corner
D:4:      layout_basic, serial_co_window_serial, co_window_paths_a,
          co_window_corner_a, co_window_corner_a, co_window_corner_a,
          co_window_paths_b, co_window_broadway_b, co_window_of_opportunity_c,
          co_window_corner_b, co_window_broadway_a, co_window_2corner,
          glass_columns_a, glass_columns_c, glass_columns_a, glass_columns_a,
          kennysheep_generic_room_5
D:5:      layout_loops_ring, mainiacjoe_overflow_six_doors_small,
          minmay_temple_entry_wispy, gammafunk_ghost_hive
D:6:      layout_basic, serial_corexii_hall, chequers_hall_statues_wall_a,
          chequers_hall_statues_y, minmay_liquid_box, uniq_grinder, uniq_edmund,
          uniq_pikel
D:7:      minmay_the_grid_triangle_9x9_rhombus_thin
          [minmay_the_grid_triangle_9x9_impossible_snake,
          minmay_the_grid_triangle_9x9_prize_insulated,
          minmay_the_grid_triangle_9x9_subtriangle,
          minmay_the_grid_triangle_9x9_swiss_cheese], layout_rooms,
          enter_bailey_3
Temple:   hellmonk_temple_divided_pantheon
Bailey:   bailey_polearm_flooded_kennysheep, bailey

Skill      XL: |  1  2  3  4  5  6  7  8  9 |
---------------+----------------------------+-----
Maces & Flails | 3 4 5 7 |  7.1
Armour         | 4 5 6 7 |  7.4
Fighting       | 4 5 |  5.8
Shields        | 4 5 |  5.7
Stealth        | 1 |  1.2
Evocations     | 1 2 |  2.0
Throwing       | |  0.1
Invocations    | |  0.4

Action                   |  1- 3 |  4- 6 |  7- 9 || total
-------------------------+-------+-------+-------++-------
Melee: Flail             |    97 |   148 |   235 ||   480
Throw: Javelin           |       |       |     6 ||     6
Invok: Heroism           |       |       |     6 ||     6
Evoke: Wand              |       |       |    26 ||    26
  Use: Potion            |       |     2 |     8 ||    10
       Scroll            |       |       |     7 ||     7
Armor: Scale mail        |    54 |    90 |   134 ||   278
       Skin              |       |    20 |    19 ||    39
Dodge: Dodged            |    44 |    54 |   140 ||   238
Block: Buckler           |    15 |    42 |    89 ||   146
